 Dungeon Crawl Stone Soup version 0.29-a0-819-g94b489e (webtiles) character file.

Game seed: 304976971103394664

11974 Illumine the Summoner (level 11, -21/83 HPs)
             Began as a Demigod Summoner on July 5, 2022.
             Hit by a silver javelin thrown by a minotaur (28 damage)
             ... in a Gauntlet on July 6, 2022.
             The game lasted 00:32:01 (9161 turns).

Illumine the Summoner (Demigod Summoner)            Turns: 9161, Time: 00:32:02

Health: -21/83     AC: 12    Str:  9    XL:     11   Next: 31%
Magic:  33/35      EV: 18    Int: 29    God:
Gold:   980        SH:  0    Dex: 17    Spells: 2/25 levels left

rFire   . . .      SeeInvis .   e - +1 longbow (freeze)
rCold   . . .      Faith    .   (shield currently unavailable)
rNeg    + + .      Spirit   .   O - +2 robe {Will+}
rPois   +          Reflect  .   m - +0 helmet
rElec   .          Harm     .   j - +1 cloak of Hopscotch {Drain rN++ Dex+3}
rCorr   .          Rampage  .   I - +3 pair of gloves of the Elven Halls {rPois Slay+5}
Will    ++...      NoTele   +   c - +0 pair of boots
Stlth   ++........              Q - amulet of magic regeneration
HPRegen 0.23/turn               i - ring of magical power
MPRegen 0.64/turn               G - +4 ring of evasion

@: no status effects
A: high MP 1, forlorn, divine attributes
a: no special abilities


You were in a Gauntlet.
You visited 2 branches of the dungeon, and saw 10 of its levels.
You also visited: Ossuary and Gauntlet.

You collected 980 gold pieces.

Inventory:

Hand Weapons
 e - a +1 longbow of freezing (weapon)
 v - a +2 hand axe of electrocution
 R - a +0 long sword of flaming
Missiles
 d - 16 poisoned darts
Armour
 c - a +0 pair of boots (worn)
 j - the +1 cloak of Hopscotch (worn) {Drain rN++ Dex+3}
   (You found it in a Gauntlet)

   Dex:       It affects your dexterity (+3).
   rN:        It greatly protects you from negative energy.
   Drain:     It drains your maximum health when unequipped.
 m - a +0 helmet (worn)
 I - the +3 pair of gloves of the Elven Halls (worn) {rPois Slay+5}
   (You found it on level 6 of the Dungeon)

   Slay:      It affects your accuracy & damage with ranged weapons and melee
   (+5).
   rPois:     It protects you from poison.
 O - a +2 robe of willpower (worn)
Jewellery
 a - the ring "Cohos" {rElec Will+ Str+2}
   (You found it on level 1 of the Lair of Beasts)

   [ring of willpower]

   Str:       It affects your strength (+2).
   rElec:     It insulates you from electricity.
   Will:      It increases your willpower.
 i - a ring of magical power (left hand)
 r - a ring of protection from cold
 t - an amulet of regeneration
 u - a ring of resist corrosion
 G - a +4 ring of evasion (right hand)
 M - a ring of flight
 Q - an amulet of magic regeneration (around neck)
Wands
 H - a wand of charming (9)
 J - a wand of roots (25)
 L - a wand of flame (25)
Scrolls
 f - 2 scrolls of immolation {unknown}
 g - 2 scrolls of enchant armour
 h - 6 scrolls of teleportation
 o - 3 scrolls of amnesia
 s - 2 scrolls of magic mapping
 w - 3 scrolls of fog
 y - 3 scrolls of poison {unknown}
 A - 2 scrolls of enchant weapon {unknown}
 D - 2 scrolls of torment {unknown}
 F - 4 scrolls of blinking {unknown}
 K - 2 scrolls of fear {unknown}
 N - 2 scrolls of noise {unknown}
 P - a scroll of vulnerability {unknown}
Potions
 b - 2 potions of magic
 k - 6 potions of brilliance
 l - 2 potions of mutation
 n - 4 potions of curing
 p - 4 potions of flight
 q - 2 potions of attraction {unknown}
 x - a potion of haste {unknown}
 z - a potion of lignification {unknown}
 B - 2 potions of resistance {unknown}
 C - a potion of might {unknown}
 E - 2 potions of cancellation {unknown}


   Skills:
 + Level 3.9 Fighting
 + Level 5.8 Ranged Weapons
 + Level 4.3 Dodging
 - Level 1.7 Stealth
 + Level 7.6 Spellcasting
 * Level 6.0 Hexes
 + Level 8.9 Summonings
 + Level 1.3 Translocations
 + Level 7.1 Air Magic


You had 2 spell levels left.
You knew the following spells:

 Your Spells              Type           Power      Damage    Failure   Level
a - Summon Small Mammal   Summ           100%       N/A       1%          1
b - Call Imp              Summ           58%        N/A       1%          2
c - Call Canine Familiar  Summ           58%        N/A       1%          3
d - Summon Guardian Gole  Hex/Summ       53%        N/A       1%          3
e - Summon Lightning Spi  Summ/Air       55%        N/A       1%          4
f - Summon Mana Viper     Hex/Summ       53%        N/A       6%          5
g - Tukima's Dance        Hex            46%        N/A       1%          3
h - Blink                 Tloc           36%        N/A       4%          2

Your spell library contained the following spells:

 Spells                   Type           Power      Damage    Failure   Level
 Necrotise                Necr           44%        1d6       4%          1
 Inner Flame              Hex/Fire       28%        N/A       4%          3
 Summon Ice Beast         Ice/Summ       36%        N/A       8%          4
 Lesser Beckoning         Tloc           18%        N/A       9%          3
 Vampiric Draining        Necr           11%        2d6       14%         3
 Passage of Golubria      Tloc           18%        N/A       26%         4
 Yara's Violent Unravell  Hex/Tmut       14%        3d7       36%         5
 Animate Dead             Necr           11%        N/A       43%         4
 Manifold Assault         Tloc           18%        N/A       58%         5
 Monstrous Menagerie      Summ           29%        N/A       71%         7
 Agony                    Necr           11%        N/A       80%         5
 Conjure Ball Lightning   Conj/Air       15%        3x3d6     86%         6
 Haunt                    Necr/Summ      18%        N/A       100%        7
 Infestation              Necr           5%         N/A       100%        8


Dungeon Overview and Level Annotations

Branches:
Dungeon (8/15)             Temple (0/1) D:6            Lair (2/6) D:8
Ossuary (visited)         Gauntlet (1/1)
  Swamp: Lair:2-4    Shoals: Lair:2-4     Snake: Lair:2-4    Spider: Lair:2-4

Shops:
D:1 ?   D:4 (

Annotations:
D:3 Sigmund
D:4 2 transporters, lyrin's ghost, novice DEHu
D:7 1 runed translucent door, edsrzf's ghost, novice MeTm Gauntlet 7 transporters


Innate Abilities, Weirdness & Mutations

You have an increased reservoir of magic. (+10% MP)
You shall have no god before yourself.
Your divine heritage dramatically boosts your attributes as you level up.


Message History

The silver javelin pierces through you!
Your lightning spire shoots out a bolt of lightning at the minotaur!
The bolt of electricity hits the minotaur.
There is an open door here.
Your lightning spire shoots out a bolt of lightning at the minotaur!
The bolt of electricity hits the minotaur!
Your guardian golem overheats!
What are your orders? t - Shout!
Orders for allies: a - Attack new target. p - Attack previous target. r - Retreat! s - Stop attacking. g - Guard the area. f - Follow me.
Anything else - Cancel.
Gang up on whom?
Press: ? - help, Dir - move target, f/p - minotaur
Aim: a minotaur, wielding a staff of cold, wearing a +0 chain mail, wearing a ring of see invisible and quivering silver javelins (heavily wounded, ally target) Attack!
The minotaur barely misses your lightning spire.
The minotaur gores your lightning spire!
Flame seeps out of your guardian golem.
Your guardian golem is engulfed in blazing flames.
Your guardian golem disappears in a puff of smoke!
Your guardian golem explodes!
The fiery explosion engulfs your lightning spire.
Your lightning spire resists.
The fiery explosion engulfs you!!
* * * LOW HITPOINT WARNING * * *
Your lightning spire is engulfed in blazing flames.
Your lightning spire shoots out a bolt of lightning at the minotaur!
The bolt of electricity hits the minotaur.
The minotaur hits your lightning spire with a staff of cold!!
Your lightning spire is destroyed!
Your lightning spire disappears in a puff of smoke!
Okay, then.
As you read the scroll of fog, it crumbles to dust.
The scroll dissolves into smoke.
The minotaur bellows!
The minotaur throws a silver javelin.
The silver javelin pierces through you!!
You die...

##.##.##.##.##.##
#...............#
#.##.##.##.##.###
#.##.##H##.##.###
#......§§§......#
###.##.#'###.##.#
#. #.#§# .# ..
..#§# . #.##@# #.
#. #§# .# .. ###
# .#


You could see a minotaur.

Vanquished Creatures
  A dire elephant (Gauntlet)
  A yak (D:8)
  3 water moccasins
  A black bear (D:8)
  2 wolves (Lair:1)
  An ogre (D:6)
  A phantom (D:5)
  2 bullfrogs (D:8)
  7 scorpions
  A wight (D:5)
  A howler monkey (D:4)
  2 jellies
  An orc priest (D:8)
  A hound (D:5)
  A gnoll bouda (D:8)
  An orc wizard (D:8)
  2 scorpion zombies (Ossuary)
  2 mummies (Ossuary)
  4 gnolls
  An adder (D:6)
  A white imp (D:6)
  2 dart slugs
  8 orcs
  A ball python (D:4)
  A giant cockroach (D:1)
  A jackal (D:5)
  A quokka (D:4)
  A bat (D:2)
  A goblin zombie (Ossuary)
  A kobold (D:4)
54 creatures vanquished.

Vanquished Creatures (collateral kills)
  A hydra (Lair:1)
  2 elephants (Gauntlet)
  2 black mambas (Lair:1)
  2 cane toads
  Maggie (Lair:1)
  2 komodo dragons
  A hornet (D:8)
  A polar bear (Lair:2)
  7 yaks
  Eustachio (D:5)
  A basilisk (Lair:2)
  5 water moccasins
  An ice beast (D:6)
  A black bear (D:7)
  4 wolves (Lair:1)
  3 ogres
  A kobold brigand (D:5)
  2 bullfrogs (D:8)
  A gnoll sergeant (D:8)
  3 necrophages
  5 scorpions
  6 wights
  2 howler monkeys (D:4)
  4 hounds
  A jelly (D:8)
  3 orc priests
  A centaur zombie (Ossuary)
  2 gnoll boudas (D:7)
  4 iguanas
  5 orc wizards
  2 scorpion zombies (Ossuary)
  A mummy (Ossuary)
  Robin (D:3)
  19 gnolls
  5 adders
  An ufetubus (D:6)
  2 worms
  A dart slug (D:1)
  16 orcs
  4 endoplasms
  5 giant cockroaches
  12 goblins
  11 hobgoblins
  4 quokkas
  2 ball pythons (D:1)
  2 bats (D:1)
  2 frilled lizards (D:3)
  2 gnoll zombies (Ossuary)
  2 hobgoblin zombies (Ossuary)
  14 kobolds
  2 kobold zombies (Ossuary)
  An orc zombie (Ossuary)
  6 rats
192 creatures vanquished.

Vanquished Creatures (others)
  A two-headed ogre (D:5)
  A wyvern (D:7)
  An orc warrior (D:8)
  A black bear (Lair:1)
  A scorpion (Ossuary)
  A wight (D:5)
  An iguana (D:5)
  A scorpion zombie (Ossuary)
  A gnoll (D:7)
  An orc (D:5)
  52 fungi
  45 plants
107 creatures vanquished.

Grand Total: 353 creatures vanquished

Notes
Turn   | Place    | Note
-------+----------+-------------------------------------------
     0 | D:1      | Illumine the Demigod Summoner began the quest for the Orb.
     0 | D:1      | Reached XP level 1. HP: 14/14 MP: 5/5
    47 | D:1      | Found Wirry's Magic Scroll Shoppe.
   361 | D:1      | Reached XP level 2. HP: 20/20 MP: 4/7
   364 | D:1      | Learned a level 2 spell: Call Imp
   493 | D:1      | Reached skill level 4 in Summonings
   983 | D:1      | Reached XP level 3. HP: 24/26 MP: 9/9
  1189 | D:1      | Learned a level 3 spell: Call Canine Familiar
  1559 | D:2      | Noticed an ogre
  1586 | D:2      | Killed an ogre
  1587 | D:2      | Reached XP level 4. HP: 33/33 MP: 2/11
  1661 | D:2      | Learned a level 3 spell: Summon Guardian Golem
  2286 | D:3      | Noticed Robin
  2297 | D:3      | Killed Robin
  2298 | D:3      | Reached XP level 5. HP: 38/38 MP: 7/13
  2697 | D:3      | Noticed Sigmund
  2740 | D:4      | Found Leoffuri's Weapon Emporium.
  2774 | D:4      | Identified 2 scrolls of acquirement
  2774 | D:4      | Acquired 638 gold pieces
  2809 | D:3      | Acquired a +1 longbow of freezing
  2854 | D:4      | Reached skill level 1 in Hexes
  2854 | D:4      | Reached skill level 5 in Summonings
  2942 | D:4      | Found a sand-covered staircase.
  2947 | Ossuary  | Entered an ossuary
  3002 | Ossuary  | Reached XP level 6. HP: 42/45 MP: 15/15
  3099 | Ossuary  | Reached XP level 7. HP: 38/50 MP: 17/17
  3168 | Ossuary  | Reached skill level 6 in Summonings
  3267 | Ossuary  | Reached skill level 5 in Spellcasting
  3681 | D:4      | Learned a level 4 spell: Summon Lightning Spire
  3708 | D:4      | Reached XP level 8. HP: 49/57 MP: 19/19
  3711 | D:4      | Reached skill level 1 in Ranged Weapons
  3825 | D:4      | Found a transporter.
  3848 | D:4      | Found a transporter.
  3852 | D:4      | Noticed lyrin's ghost (novice DEHu)
  3900 | D:5      | Entered Level 5 of the Dungeon
  4003 | D:5      | Reached skill level 1 in Air Magic
  4322 | D:5      | Noticed a two-headed ogre
  4350 | D:5      | Killed a two-headed ogre
  4351 | D:5      | Reached skill level 7 in Summonings
  4508 | D:5      | Reached XP level 9. HP: 62/62 MP: 21/21
  4808 | D:5      | Noticed Eustachio
  4837 | D:5      | Killed Eustachio
  4838 | D:5      | Reached skill level 5 in Air Magic
  5215 | D:6      | Found a staircase to the Ecumenical Temple.
  5319 | D:6      | Identified the +3 pair of gloves of the Elven Halls {rPois
                  | Slay+5}
  5970 | D:7      | Found a runed translucent door.
  5971 | D:7      | Noticed edsrzf's ghost (novice MeTm)
  6247 | D:7      | Reached skill level 1 in Fighting
  6799 | D:8      | Noticed a komodo dragon
  6801 | D:8      | Reached skill level 8 in Summonings
  6805 | D:8      | Killed a komodo dragon
  6806 | D:8      | Reached XP level 10. HP: 36/72 MP: 20/24
  7070 | D:8      | Found a staircase to the Lair.
  7089 | D:8      | Learned a level 5 spell: Summon Mana Viper
  7096 | D:8      | Learned a level 3 spell: Tukima's Dance
  7350 | D:8      | Reached skill level 5 in Ranged Weapons
  7407 | Lair:1   | Entered Level 1 of the Lair of Beasts
  7844 | Lair:1   | Identified the ring "Cohos" {rElec Will+ Str+2}
  7898 | Lair:1   | Noticed a black mamba
  7903 | Lair:1   | Killed a black mamba
  8019 | Lair:1   | Noticed a black mamba
  8024 | Lair:1   | Killed a black mamba
  8053 | Lair:1   | Reached skill level 5 in Hexes
  8150 | Lair:1   | Noticed a four-headed hydra
  8164 | Lair:1   | Killed a four-headed hydra
  8184 | Lair:1   | Noticed Maggie
  8193 | Lair:1   | Killed Maggie
  8242 | Lair:1   | Reached XP level 11. HP: 82/82 MP: 24/26
  8272 | Lair:1   | Learned a level 2 spell: Blink
  8759 | Lair:2   | Found a gate leading to a gauntlet.
  8766 | Gauntlet | Entered a Gauntlet
  8766 | Gauntlet | Noticed a fire crab
  8766 | Gauntlet | Found a transporter.
  8771 | Gauntlet | Noticed a fire crab
  8771 | Gauntlet | a yaktaur changed into a fire crab
  8774 | Gauntlet | Found a transporter.
  8775 | Gauntlet | Found a transporter.
  8785 | Gauntlet | Noticed a tengu warrior
  8793 | Gauntlet | Found a transporter.
  8798 | Gauntlet | Found a transporter.
  8800 | Gauntlet | Noticed a dire elephant
  8810 | Gauntlet | Found a transporter.
  8818 | Gauntlet | Found a transporter.
  8820 | Gauntlet | Noticed a death scarab
  8821 | Gauntlet | Noticed a death scarab
  8825 | Gauntlet | Noticed a balrug
  8828 | Gauntlet | Found a transporter.
  8836 | Gauntlet | Noticed an ice dragon
  8836 | Gauntlet | Noticed a bunyip
  8836 | Gauntlet | an ice dragon changed into a bunyip
  8838 | Gauntlet | Found a transporter.
  8840 | Gauntlet | Noticed a great orb of eyes
  8840 | Gauntlet | a bunyip changed into a great orb of eyes
  8844 | Gauntlet | Noticed an anaconda
  8844 | Gauntlet | a great orb of eyes changed into an anaconda
  8849 | Gauntlet | Noticed a sea snake
  8849 | Gauntlet | a water nymph changed into a sea snake
  8853 | Gauntlet | Found a transporter.
  8856 | Gauntlet | Noticed a radroach
  8856 | Gauntlet | an anaconda changed into a radroach
  8858 | Gauntlet | a sea snake changed into a slime creature
  8860 | Gauntlet | Noticed an ice dragon
  8860 | Gauntlet | a radroach changed into an ice dragon
  8863 | Gauntlet | Found a transporter.
  8863 | Gauntlet | Noticed a fire dragon
  8863 | Gauntlet | an ice dragon changed into a fire dragon
  8864 | Gauntlet | Noticed a great orb of eyes
  8864 | Gauntlet | a fire dragon changed into a great orb of eyes
  8865 | Gauntlet | Noticed a bunyip
  8865 | Gauntlet | a great orb of eyes changed into a bunyip
  8866 | Gauntlet | Found a transporter.
  8940 | Gauntlet | Found a transporter.
  8997 | Gauntlet | Killed a dire elephant
  8998 | Gauntlet | Reached skill level 1 in Translocations
  9112 | Gauntlet | Got the Compilation of Stormy Jinxing
  9113 | Gauntlet | Identified the +1 cloak of Hopscotch {Drain rN++ Dex+3}
  9141 | Gauntlet | Noticed a minotaur
  9161 | Gauntlet | Hit by a silver javelin thrown by a minotaur

Illustrated notes

Levels and vault maps discovered:
D:1:      psy_arrival_dodecagon, layout_basic, serial_shops, shop,
          minmay_pentomino_w4
D:2:      layout_basic, shapermc_ecumenical_altar_pompeii
D:3:      wander_river, layout_rooms, uniq_sigmund, uniq_robin
D:4:      layout_gridville, enter_ossuary_2, gammafunk_ghost_stat_death,
          nicolae_stop_n_shop_2
D:5:      cheibrodos_fzero, layout_basic, uniq_eustachio
D:6:      layout_loops_ring, mainiacjoe_overflow_alcove_2,
          minmay_temple_entry_ruins
D:7:      layout_loops_corners, xom_shifter_show, mainiacjoe_overflow_alcove_3,
          mainiacjoe_overflow_catwalk, hellmonk_ghost_happy_afterlife
D:8:      layout_loops_cross, due_lair_maze_entry_diamond
Lair:1:   layout_cave_shapes, uniq_maggie
Lair:2:   beast_lair_carwin_large_1, layout_concentric_octagons,
          gauntlet_entry_generic, minmay_shattered_shrine
Gauntlet: minmay_gauntlet_77_tree [minmay_gauntlet_arena_77_mess,
          minmay_gauntlet_arena_77_terracotta_army,
          minmay_gauntlet_arena_77_p_blocks, minmay_gauntlet_arena_77_braids,
          minmay_gauntlet_arena_77_checkered, minmay_gauntlet_arena_77_fan,
          minmay_gauntlet_arena_77_two_lines, gauntlet_exit_green]

Skill      XL: |  1  2  3  4  5  6  7  8  9 10 11 |
---------------+----------------------------------+-----
Spellcasting   | 2 3 4 5 6 7 |  7.6
Summonings     | 4 5 6 7 8 |  8.9
Hexes          | 2 3 4 5 6 |  6.0
Ranged Weapons | 3 4 5 |  5.8
Air Magic      | 4 6 7 |  7.1
Dodging        | 2 4 |  4.3
Fighting       | 1 3 |  3.9
Translocations | 1 |  1.3
Stealth        | |  1.7

Action                   |  1- 3 |  4- 6 |  7- 9 | 10-12 || total
-------------------------+-------+-------+-------+-------++-------
Melee: Unarmed           |    37 |     6 |       |       ||    43
       Hand axe          |       |       |       |     5 ||     5
 Fire: Longbow           |       |    33 |   125 |    46 ||   204
 Cast: Summon Small Mamm |    24 |       |       |       ||    24
       Call Imp          |     9 |     5 |     9 |       ||    23
       Call Canine Famil |     4 |    20 |    26 |    21 ||    71
       Summon Guardian G |       |       |    23 |    17 ||    40
       Summon Lightning  |       |       |     7 |    24 ||    31
       Summon Mana Viper |       |       |       |     9 ||     9
       Tukima's Dance    |       |       |       |     1 ||     1
  Use: Scroll            |       |     3 |     5 |     6 ||    14
 Stab: Distracted        |     1 |       |       |       ||     1
Armor: Robe              |    16 |    19 |    33 |    27 ||    95
Dodge: Dodged            |    29 |    28 |    75 |    65 ||   197

Table legend: (Time is in decaauts)
 A = Elapsed time spent in this place.
 B = Non-inter-level travel time spent in this place.
 C = Inter-level travel time spent in this place.
 D = Time resting spent in this place.
 E = Time spent auto-exploring this place.
 F = Levels seen in this place.
 G = Mean time per level.
                   A        B        C        D        E       F      G
               +--------+--------+--------+--------+--------+-----+--------+
         Total |   9302 |   9078 |    224 |   1218 |   5314 |  12 |  775.2 |
       Dungeon |   7460 |   7246 |    214 |    898 |   4705 |   8 |  932.5 |
          Lair |    944 |    934 |     10 |    142 |    543 |   2 |  472.0 |
       Ossuary |    499 |    499 |      0 |     83 |     34 |   1 |  499.0 |
      Gauntlet |    397 |    397 |      0 |     95 |     32 |   1 |  397.0 |
               +--------+--------+--------+--------+--------+-----+--------+

Top non-repeatable levels by time:
     D:1: 1337 daAuts
     D:5: 1222 daAuts
     D:8: 1068 daAuts
     D:7: 952 daAuts
  Lair:1: 808 daAuts
     D:2: 783 daAuts
     D:6: 729 daAuts
     D:4: 689 daAuts
     D:3: 677 daAuts
 Ossuary: 499 daAuts
Gauntlet: 397 daAuts
  Lair:2: 136 daAuts
